 Dungeon Sprint DCSS version bcrawl-1.15.1 (webtiles) character file.

Game seed: 16961071257541514561

2405 Kerapac the Warrior (level 9, 26/97 HPs)
             Began as a Hill Orc Archaeologist on Oct 5, 2019.
             Was an Elder of Okawaru.
             Quit the game in the Dungeon (Sprint VII: "The Pits").
             The game lasted 00:04:42 (1498 turns).

Kerapac the Warrior (Hill Orc Archaeologist)        Turns: 1498, Time: 00:04:43

Health: 26/97      AC: 14    Str: 17    XL:     9   Next: 47%
Magic:  15/15      EV:  5    Int: 14    God:    Okawaru [****..]
Gold:   0          SH:  0    Dex:  9    Spells: 8/8 levels left

rFire    . . .     SeeInvis .   f - +8 whip "Snakebite" {curare, rPois}
rCold    . . .     Gourm    .   (no shield)
rNeg     . . .     Faith    .   i - +3 chain mail
rPois    +         Spirit   .   c - +1 hat
rElec    .         Reflect  .   (no cloak)
rCorr    .         Harm     .   (no gloves)
MR       .....     NoTele   +   d - +1 pair of boots
Stlth    ..........             (no amulet)
HPRegen  0.26/turn              (no ring)
MPRegen  0.14/turn              (no ring)

@: petrifying, very slow
A: no striking features
a: Heroism, Renounce Religion


You were in the Dungeon.
You worshipped Okawaru.
Okawaru was greatly pleased with you.
You were not hungry.

You visited 1 branch

Inventory:

Hand Weapons
 a - a +0 whip
 f - the +8 whip "Snakebite" (weapon) {curare, rPois}

   It poisons the flesh of those it strikes.
   It protects you from poison.
 n - a +2 hand axe of electrocution
Armour
 b - a +1 robe
 c - a +1 hat (worn)
 d - a +1 pair of boots (worn)
 i - a +3 chain mail (worn)
Scrolls
 m - a scroll of blinking
 p - 2 scrolls of vulnerability
 q - 3 scrolls of remove curse
 r - 5 scrolls of amnesia
 s - a scroll of summoning
Potions
 h - a potion of curing
 j - a potion of haste
 k - 4 potions of magic
 l - a potion of berserk rage
Comestibles
 g - 9 rations {!d}


   Skills:
 * Level 15.2 Fighting
   Level 15.2 Short Blades
   Level 15.2 Long Blades
   Level 15.2 Axes
   Level 15.2 Maces & Flails
   Level 15.2 Polearms
   Level 15.2 Staves
 + Level 7.4 Dodging
 - Level 2.6 Stealth
   Level 15.2 Unarmed Combat
 - Level 8.7 Invocations


You had 8 spell levels left.
You didn't know any spells.
Your spell library was empty.

Dungeon Overview and Level Annotations

Branches:
Dungeon (1/1)

Altars:
Ashenzari
Cheibriados
Dithmenos
Elyvilon
Fedhas
Gozag
Hepliaklqana
Kikubaaqudgha
Lugonu
Makhleb
Nemelex Xobeh
Okawaru
Qazlal
Ru
Sif Muna
Trog
Uskayaw
Vehumet
Wu Jian
Xom
Yredelemnul
Zin
The Shining One
Beogh
Jiyva

Annotations:
D Urug


Message History

Urug throws a javelin.
The javelin hits you.
Your limbs are stiffening.
You have turned to stone.
Urug throws a javelin.
The javelin hits you!! The basilisk gazes at you. You resist with some effort.
Urug hits you from afar with a +4 glaive!!
Urug hits you from afar with a +4 glaive.
The basilisk gazes at you.
Urug screams, "All you harpies will die!"
Urug hits you from afar with a +4 glaive!!
The basilisk bites you! The basilisk gazes at you.
Urug hits you from afar with a +4 glaive!!
You turn to flesh and can move again.
You feel better. The basilisk gazes at you.
You are slowing down.
Urug hits you from afar with a +4 glaive!!
* * * LOW HITPOINT WARNING * * *
Are you sure you want to abandon this character and quit the game? (Confirm with "yes".)

# # # ###########++##########
##................##..#
##......#..#......##..#
##................''..#
[รท...............lo'..#
##......#..#....@.##..l...o..
##................##..o......
#####'#####''################
##.......##''#
##.......##....
##.......##....#
##...<...##...##
##.......##..##
##.......##..#


You could see Urug and a basilisk.

Vanquished Creatures
  A death yak (D)
  An orc knight (D)
  A cane toad (D)
  A flying skull (D)
  A wraith (D)
  A warg (D)
  A floating eye (D)
  2 orc warriors (D)
  A necrophage (D)
  A gnoll sergeant (D)
  4 wights (D)
  2 worker ants (D)
  5 gnolls (D)
  2 leopard geckos (D)
  2 orcs (D)
  A bat skeleton (D)
  A giant cockroach (D)
  A goblin (D)
  A hobgoblin (D)
  4 jackals (D)
  2 kobolds (D)
  A ball python (D)
  A ball python skeleton (D)
  A frilled lizard (D)
  A rat (D)
40 creatures vanquished.

Vanquished Creatures (others)
  2 yaktaurs (D)
2 creatures vanquished.

Grand Total: 42 creatures vanquished

Notes
Turn   | Place    | Note
-------+----------+-------------------------------------------
     0 | D        | Kerapac the Hill Orc Archaeologist began the quest for the
                  | Orb.
     0 | D        | Reached XP level 1. HP: 15/15 MP: 1/1
     6 | D        | Killed a yaktaur
    23 | D        | Reached skill level 2 in Fighting
    28 | D        | Found a bloodstained altar of Trog.
    28 | D        | Found a shimmering blue altar of Sif Muna.
    28 | D        | Found a viscous altar of Jiyva.
    28 | D        | Found a hazy altar of Hepliaklqana.
    28 | D        | Found an opulent altar of Gozag.
    29 | D        | Found a glowing golden altar of the Shining One.
    29 | D        | Found a glowing silver altar of Zin.
    29 | D        | Found a basalt altar of Yredelemnul.
    29 | D        | Found a shimmering altar of Xom.
    29 | D        | Found an ornate altar of the Wu Jian Council.
    29 | D        | Found a sacrificial altar of Ru.
    29 | D        | Found a stormy altar of Qazlal.
    29 | D        | Found an iron altar of Okawaru.
    29 | D        | Found a sparkling altar of Nemelex Xobeh.
    29 | D        | Found a burning altar of Makhleb.
    29 | D        | Found a blossoming altar of Fedhas.
    29 | D        | Found a white marble altar of Elyvilon.
    29 | D        | Found a shadowy altar of Dithmenos.
    29 | D        | Found a snail-covered altar of Cheibriados.
    31 | D        | Killed a yaktaur
    32 | D        | Found a corrupted altar of Lugonu.
    32 | D        | Found a radiant altar of Vehumet.
    32 | D        | Found a roughly hewn altar of Beogh.
    33 | D        | Found an ancient bone altar of Kikubaaqudgha.
    33 | D        | Found a hide-covered altar of Uskayaw.
    33 | D        | Found a shattered altar of Ashenzari.
    39 | D        | Became a worshipper of Warmaster Okawaru
   201 | D        | Reached skill level 3 in Fighting
   202 | D        | Reached XP level 2. HP: 20/26 MP: 2/2
   278 | D        | Noticed a floating eye
   278 | D        | Noticed a gnoll sergeant
   280 | D        | Noticed a necrophage
   292 | D        | Reached skill level 4 in Fighting
   304 | D        | Killed a necrophage
   304 | D        | Reached skill level 7 in Fighting
   304 | D        | Reached XP level 3. HP: 27/38 MP: 3/3
   304 | D        | Reached XP level 4. HP: 33/46 MP: 4/4
   308 | D        | Reached skill level 8 in Fighting
   323 | D        | Killed a gnoll sergeant
   323 | D        | Reached * piety under Okawaru
   323 | D        | Reached skill level 10 in Fighting
   323 | D        | Reached XP level 5. HP: 32/58 MP: 5/5
   345 | D        | HP: 2/59 [poisoned by a gnoll sergeant]
   351 | D        | HP: 2/59 [poisoned by a gnoll sergeant]
   664 | D        | Reached XP level 6. HP: 67/67 MP: 6/6
   671 | D        | Reached skill level 11 in Fighting
   684 | D        | Reached ** piety under Okawaru
   684 | D        | Reached skill level 12 in Fighting
   874 | D        | Noticed a flying skull
   878 | D        | Killed a flying skull
   878 | D        | Reached XP level 7. HP: 72/78 MP: 6/9
   881 | D        | Noticed a wraith
   889 | D        | Killed a wraith
   889 | D        | Reached skill level 13 in Fighting
   923 | D        | Noticed a cane toad
   923 | D        | Noticed an orc knight
   940 | D        | Killed a cane toad
   940 | D        | Reached XP level 8. HP: 43/86 MP: 10/12
   947 | D        | Reached *** piety under Okawaru
   947 | D        | Reached skill level 5 in Dodging
   970 | D        | Killed an orc knight
   970 | D        | Reached **** piety under Okawaru
   970 | D        | Reached skill level 14 in Fighting
  1048 | D        | Paralysed by a floating eye for 2 turns
  1051 | D        | Reached XP level 9. HP: 55/96 MP: 15/15
  1189 | D        | Noticed a death yak
  1229 | D        | Killed a death yak
  1229 | D        | Reached skill level 15 in Fighting
  1482 | D        | Noticed Urug
  1498 | D        | Quit the game

Skill      XL: |  1  2  3  4  5  6  7  8  9 |
---------------+----------------------------+-----
Fighting       | 3 7 10 12 13 14 15 | 15.2
Dodging        | 3 4 6 7 |  7.4
Invocations    | 3 6 8 |  8.7
Short Blades   | | 15.2
Long Blades    | | 15.2
Axes           | | 15.2
Maces & Flails | | 15.2
Polearms       | | 15.2
Staves         | | 15.2
Stealth        | |  2.6
Unarmed Combat | | 15.2

Action                   |  1- 3 |  4- 6 |  7- 9 || total
-------------------------+-------+-------+-------++-------
Melee: Whip              |    13 |    27 |    61 ||   101
       Hand axe          |    29 |    10 |       ||    39
       Punch             |       |       |     3 ||     3
  Use: Potion            |       |     2 |    13 ||    15
 Stab: Invisible         |       |       |     3 ||     3
  Eat: Chunk             |       |       |     2 ||     2
Armor: Robe              |    11 |     7 |       ||    18
       Chain mail        |       |     1 |    12 ||    13
Dodge: Dodged            |    26 |    24 |    13 ||    63
